 Dungeon Crawl Stone Soup version 0.27-a0-1312-g5cdb2b3542 (webtiles) character file.

Game seed: 1853970816525347421

63 Froggeryz the Chopper (level 3, 0/46 HPs)
             Began as a Palentonga Abyssal Knight on June 19, 2021.
             Was a Follower of Lugonu.
             Slain by Terence (7 damage)
             ... on level 2 of the Dungeon.
             The game lasted 00:02:12 (2055 turns).

Froggeryz the Chopper (Palentonga Abyssal Knight)   Turns: 2055, Time: 00:02:13

Health: 0/46       AC: 21    Str: 16    XL:     3   Next: 89%
Magic:  4/4        EV:  1    Int: 12    God:    Lugonu [*.....]
Gold:   53         SH:  0    Dex:  9    Spells: 2/2 levels left

rFire    . . .     SeeInvis +   a - +2 hand axe
rCold    . . .     Faith    .   (no shield)
rNeg     + + +     Spirit   .   (armour currently unavailable)
rPois    +         Reflect  .   (helmet currently unavailable)
rElec    .         Harm     .   (cloak currently unavailable)
rCorr    .         Rampage  .   (gloves currently unavailable)
Will     .....     NoTele   +   (no barding)
Stlth    +.........             (no amulet)
HPRegen  0.15/turn              (no ring)
MPRegen  0.09/turn              (no ring)

@: tree-form, hasted, very quick
A: stationary, stasis, torment immunity, boosted hp, large, rugged brown scales
3, see invisible, (deformed body), (roll 1), (armoured tail)
a: Renounce Religion, Depart the Abyss


You were on level 2 of the Dungeon.
You worshipped Lugonu.
Lugonu was aware of your devotion.
You were a tree.
You visited 1 branch of the dungeon, and saw 2 of its levels.
You visited the Abyss 1 time.

You collected 53 gold pieces.

Inventory:

Hand Weapons
 a - a +2 hand axe (weapon)
Missiles
 e - 10 poisoned darts (quivered)
Armour
 c - a +0 ring mail (melded)
Scrolls
 b - a scroll of identify {unknown}
 f - a scroll of enchant armour {unknown}
 j - a scroll of enchant weapon
Potions
 d - a potion of curing
 h - a potion of degeneration {unknown}
 i - a potion of lignification


   Skills:
 - Level 3.0 Fighting
 * Level 4.2 Axes
 - Level 1.5 Armour
 - Level 0.7 Dodging
 - Level 2.0 Invocations


You had 2 spell levels left.
You didn't know any spells.
Your spell library was empty.

Dungeon Overview and Level Annotations

Branches:
Dungeon (2/15)

Altars:

Annotations:
D:2 Terence


Innate Abilities, Weirdness & Mutations

You are a tree.
Your roots penetrate the ground, keeping you stationary.
You cannot be teleported.
You are immune to unholy pain and torment.
Your maximum health is greatly increased.
Your equipment is partially melded.
(You are completely covered in rugged brown scales. (AC +3, +7% HP))
You have supernaturally acute eyesight. (SInv)
((Armour fits poorly on your strangely shaped body.))
((You can roll at nearby foes to attack.))
((You have a long armoured tail.))


Message History

Press: ? - help, Q - select action, (/) - cycle Shift-Dir - straight line, f/p - Terence
Aim: Terence, wielding a +0 flail and wearing a +0 scale mail (58% to hit)
You throw a poisoned dart.
The poisoned dart closely misses Terence.
Throw: 14 darts (poison)
Press: ? - help, Q - select action, (/) - cycle Shift-Dir - straight line, f/p - Terence
Aim: Terence, wielding a +0 flail and wearing a +0 scale mail (58% to hit)
You throw a poisoned dart. The poisoned dart hits Terence.
Terence is poisoned.
Throw: 13 darts (poison)
Press: ? - help, Q - select action, (/) - cycle Shift-Dir - straight line, f/p - Terence
Aim: Terence, wielding a +0 flail and wearing a +0 scale mail (poisoned, 58% to hit)
You throw a poisoned dart. The poisoned dart hits Terence.
Terence looks even sicker.
Throw: 12 darts (poison)
Press: ? - help, Q - select action, (/) - cycle Shift-Dir - straight line, f/p - Terence
Aim: Terence, wielding a +0 flail and wearing a +0 scale mail (very poisoned, 58% to hit)
You throw a poisoned dart.
The poisoned dart barely misses Terence.
Terence drinks a potion.
Terence goes berserk!
Throw: 11 darts (poison)
Press: ? - help, Q - select action, (/) - cycle Shift-Dir - straight line, f/p - Terence
Aim: Terence, wielding a +0 flail and wearing a +0 scale mail (berserk, very poisoned, 58% to hit)
You throw a poisoned dart. The poisoned dart hits Terence.
Terence looks even sicker.
You hear a shout!
Okay, then.
As you read the scroll labelled MAQAIM HOABI, it crumbles to dust.
It is a scroll of enchant weapon.
Your +1 hand axe glows red for a moment.
Terence hits you with a +0 flail!
Ouch! That really hurt!
It was a potion of curing.
You feel better. Terence hits you with a +0 flail! x2
* * * LOW HITPOINT WARNING * * *
It was a potion of lignification.
You turn into a tree.
Your +0 ring mail melds into your body.
Your roots penetrate the ground.
Terence completely misses you.
A goblin comes into view. It is wielding a +0 dagger.
It was a potion of haste.
You feel yourself speed up. Terence hits you with a +0 flail!
You die...

#.###..#
#......#
#.######.##
#........#
########.#######
#........#
#..#####.# #..#
#<♣#
.......@......#
.#####....#####
..(..# ..
.#.(..# #.#
#......# #.# # .
#..### #.# # g.
..(# ###.####
#.......


You could see Terence (berserk, very poisoned) and a goblin.

Vanquished Creatures
  Natasha (D:2)
  An adder (D:2)
  3 endoplasms
  A giant cockroach (D:2)
  3 goblins
  2 hobgoblins
  4 jackals (D:2)
  A quokka (D:2)
  3 ball pythons
  A bat (D:1)
  2 frilled lizards
  3 kobolds
  4 rats
29 creatures vanquished.

Notes
Turn   | Place    | Note
-------+----------+-------------------------------------------
     0 | Abyss:1  | Froggeryz the Palentonga Abyssal Knight began the quest for
                  | the Orb.
     0 | Abyss:1  | Reached XP level 1. HP: 19/19 MP: 2/2
    91 | Abyss:1  | Noticed a starcursed mass
    92 | Abyss:1  | Noticed a large abomination
    94 | D:1      | Escaped the Abyss
   392 | D:1      | Reached * piety under Lugonu
   410 | D:1      | Found a faded altar of an unknown god.
   690 | D:1      | Reached XP level 2. HP: 25/25 MP: 3/3
  1318 | D:2      | Reached skill level 3 in Axes
  1427 | D:2      | Noticed Terence
  1743 | D:2      | Reached XP level 3. HP: 29/31 MP: 4/4
  1982 | D:2      | Noticed Natasha
  1984 | D:2      | Killed Natasha
  1985 | D:2      | Reached skill level 4 in Axes
  2055 | D:2      | Slain by Terence

Illustrated notes

Levels and vault maps discovered:
D:1:      tarquinn_simple_flora_water_b, layout_basic,
          shapermc_ecumenical_altar_venn
D:2:      layout_loops_corners, uniq_natasha, uniq_terence

Skill      XL: |  1  2  3 |
---------------+----------+-----
Axes           | 3 4 |  4.2
Fighting       | |  3.0
Armour         | |  1.5
Dodging        | |  0.7
Invocations    | |  2.0

Action                   || total
-------------------------++-------
Melee: Hand axe          ||    65
       Tailslap          ||     5
Throw: Dart              ||    32
Invok: Depart the Abyss  ||     1
 Abil: Rolling Charge    ||     3
  Use: Scroll            ||     2
       Potion            ||     3
Armor: Ring mail         ||    59
Dodge: Dodged            ||    39

Table legend: (Time is in decaauts)
 A = Elapsed time spent in this place.
 B = Non-inter-level travel time spent in this place.
 C = Inter-level travel time spent in this place.
 D = Time resting spent in this place.
 E = Time spent auto-exploring this place.
 F = Levels seen in this place.
 G = Mean time per level.
                   A        B        C        D        E       F      G
               +--------+--------+--------+--------+--------+-----+--------+
         Total |   2081 |   1960 |    121 |    190 |   1520 |   3 |  693.7 |
       Dungeon |   1987 |   1866 |    121 |    190 |   1429 |   2 |  993.5 |
         Abyss |     94 |     94 |      0 |      0 |     91 |   1 |   94.0 |
               +--------+--------+--------+--------+--------+-----+--------+

Top non-repeatable levels by time:
     D:1: 1448 daAuts
     D:2: 539 daAuts
 Abyss:1: 94 daAuts
